Map: Нашествие РВ

Players

ASASINO

  • Race: Zerg Zerg

OddOddsen - Winner!

  • Race: Zerg Zerg
  • League: Bronze

VOD

Have the link to the VOD?

Description

Time

  • Played on: June 25, 2016, 12:14 p.m.
  • Length: 10:22
Show
View Real Time Build Order
Export as new Build Order

ASASINO Zerg 

Build Orders: Pool First 

Get SALT Encoding   

  12  0:03  Drone  
  13  0:09  Drone  
  14  0:18  Overlord  
  14  0:35  Spawning Pool  
  14  0:40  Drone  
  14  0:42  Drone  
  15  0:46  Drone  
  16  0:52  Extractor  
  16  0:56  Extractor  
  14  0:58  Drone  
  15  1:06  Drone  
  16  1:14  Drone  
  17  1:22  Queen  
  19  1:32  Drone  
  20  1:44  Zergling x2, Evolution Chamber  
  20  1:48  Zergling x2  
  21  2:10  Hatchery  
  21  2:13  Zergling x4  
  22  2:23  Overlord  
  22  2:42  Drone x2  
  22  2:43  Drone  
  25  2:45  Drone  
  25  2:49  Drone  
  27  3:04  Queen  
  29  3:19  Zergling x2  
  30  3:23  Overlord  
  30  3:24  Overlord  
  30  3:28  Overlord  
  30  3:35  Overlord  
  30  3:42  Zerg Melee Weapons Level 1  
  30  3:46  Drone  
  31  3:49  Zergling x2  
  31  3:52  Zergling x2  
  33  3:58  Drone  
  33  3:59  Drone  
  32  4:32  Queen  
  32  4:33  Drone  
  32  4:34  Drone x5  
  40  4:39  Zergling x4  
  40  4:40  Zergling x4  
  40  4:44  Zergling x2  
  45  4:46  Zergling x2  
  46  4:54  Extractor  
  46  4:59  Overlord x2  
  44  5:00  Extractor  
  43  5:08  Zergling x2  
  43  5:09  Zergling x2  
  45  5:15  Drone  
  45  5:19  Lair  
  46  5:30  Drone x2  
  45  5:56  Zergling x2  
  45  5:57  Zergling x6  
  49  6:05  Zergling x10  
  49  6:06  Zergling x2  
  55  6:12  Zerg Missile Weapons Level 1  
  55  6:17  Metabolic Boost  
  54  6:25  Zergling x4  
  56  6:34  Queen  
  58  6:42  Zergling x4  
  60  6:54  Roach Warren  
  60  6:57  Drone  
  60  6:58  Drone  
  60  7:00  Drone  
  62  7:08  Zergling x4  
  64  7:10  Zergling x2  
  64  7:13  Zergling x2  
  66  7:16  Zergling x2  
  66  7:19  Zergling x2  
  68  7:31  Spine Crawler  
  67  7:40  Spine Crawler, Drone  
  67  7:41  Drone x2  
  31  8:06  Zerg Ground Armor Level 1  
Show
View Real Time Build Order
Export as new Build Order

OddOddsen Zerg - Winner!

Build Orders: Hatch First 

Get SALT Encoding   

  12  0:01  Drone  
  13  0:10  Drone  
  14  0:17  Overlord  
  14  0:36  Drone x3  
  17  0:56  Drone  
  18  0:57  Hatchery  
  18  1:02  Drone  
  18  1:09  Drone  
  19  1:12  Extractor  
  18  1:19  Drone  
  18  1:24  Spawning Pool  
  18  1:30  Drone  
  19  1:44  Drone  
  20  2:00  Overlord  
  20  2:04  Drone  
  21  2:11  Queen  
  21  2:12  Queen  
  21  2:15  Metabolic Boost  
  25  2:17  Drone  
  25  2:22  Drone  
  27  2:23  Evolution Chamber  
  26  2:38  Zergling x4  
  26  2:39  Zergling x4  
  30  2:45  Zergling x2  
  31  2:54  Hatchery  
  30  3:00  Drone x3  
  30  3:05  Zerg Melee Weapons Level 1  
  33  3:33  Drone  
  33  3:34  Drone x2  
  36  3:35  Overlord x2  
  36  3:36  Overlord  
  36  3:40  Lair  
  31  4:26  Zergling x4  
  31  4:27  Zergling x14  
  31  4:28  Zergling x12  
  46  4:42  Drone x6  
  52  4:46  Extractor  
  52  4:48  Extractor  
  50  5:07  Queen  
  52  5:20  Drone x5  
  52  5:21  Drone x4  
  61  5:56  Drone x5  
  66  6:01  Hydralisk Den  
  66  6:03  Drone  
  66  6:04  Overlord x7  
  66  6:05  Overlord x3  
  66  6:28  Zerg Missile Weapons Level 1  
  66  6:29  Hydralisk  
  66  6:30  Hydralisk x8  
  66  6:31  Hydralisk  
  86  6:35  Muscular Augments  
  86  6:53  Hydralisk x4  
  92  6:55  Overlord  
  92  6:56  Overlord x2  
  94  7:01  Drone x2  
  94  7:02  Extractor, Drone x2  
  94  7:03  Extractor  
  96  7:19  Drone x3  
  96  7:20  Drone x5  
  104  7:28  Hydralisk  
  104  7:29  Zergling x4  
  109  7:30  Zergling x2  
Tags
 
Add a new tag
Caveats
  • Supply blocks, unpowered buildings, or Contaminate may cause inaccurate times.
  • Supply counts are checked every 10 seconds.